 Dungeon Crawl Stone Soup version 0.22-a0-533-g4d20840 (webtiles) character file.

914 Mgcat the Cleaver (level 8, -7/62 HPs)
             Began as a Hill Orc Gladiator on June 22, 2018.
             Was a Follower of Makhleb.
             Shot with an arrow by a centaur (10 damage)
             ... on level 5 of the Dungeon.
             The game lasted 00:09:55 (3855 turns).

Mgcat the Cleaver (Hill Orc Gladiator)              Turns: 3855, Time: 00:09:56

Health: -7/62      AC:  6    Str: 18 (19) XL:     8   Next: 9%
Magic:  7/7        EV: 12    Int: 10      God:    Makhleb [*.....]
Gold:   209        SH:  0    Dex: 15      Spells: 7/7 levels left

rFire    . . .     SeeInvis .   a - +0 war axe
rCold    . . .     Gourm    .   (no shield)
rNeg     . . .     Faith    .   e - +0 ring mail (curse)
rPois    .         Spirit   .   c - +0 helmet
rElec    .         Reflect  .   (no cloak)
rCorr    .         Harm     .   (no gloves)
MR       .....                  (no boots)
Stlth    +.........             (no amulet)
HPRegen  0.20/turn              m - +3 ring of dexterity
MPRegen  0.10/turn              o - ring of wizardry {Wiz+, !d}

@: berserk cooldown, very slightly contaminated, slowed, very slow
A: clever 1, low mp 1
a: Renounce Religion


You were on level 5 of the Dungeon.
You worshipped Makhleb.
Makhleb was aware of your devotion.
You were not hungry.

You visited 1 branch of the dungeon, and saw 5 of its levels.

You collected 209 gold pieces.

Inventory:

Hand Weapons
 a - a +0 war axe (weapon)
Missiles
 d - 3 throwing nets {=f, !d}
Armour
 c - a +0 helmet (worn)
 e - a cursed +0 ring mail (worn)
   (You found it on level 1 of the Dungeon)
Jewellery
 m - a +3 ring of dexterity (left hand)
   (You found it on level 1 of the Dungeon)
 o - a ring of wizardry (right hand) {Wiz+, !d}
   (You found it on level 2 of the Dungeon)
Scrolls
 l - a scroll of magic mapping {!r}
 q - a scroll of immolation {!r}
Potions
 j - a potion of agility
 k - a potion of ambrosia {unknown}
 s - a potion of flight
 t - a potion of might
Comestibles
 b - 5 chunks of flesh {@w0}
 f - 12 rations


   Skills:
 - Level 2.4 Fighting
 + Level 12.0 Axes
 - Level 1.7 Throwing
 - Level 2.4 Dodging


You had 7 spell levels left.
You didn't know any spells.
Your spell library contained the following spells:

 Spells                   Type           Power        Failure   Level  Hunger
 Magic Dart               Conj           #...         26%         1    ##.....
 Apportation              Tloc           #.....       26%         1    ##.....
 Conjure Flame            Conj/Fire      #.......     58%         3    ####...
 Slow                     Hex            #.......     38%         2    ###....
 Mephitic Cloud           Conj/Pois/Air  #.......     58%         3    ####...
 Summon Small Mammal      Summ           #...         26%         1    ##.....
 Blink                    Tloc           N/A          38%         2    ###....
 Animate Skeleton         Necr           N/A          26%         1    ##.....
 Call Imp                 Summ           #.......     38%         2    ###....
 Confusing Touch          Hex            #.....       26%         1    ##.....


Dungeon Overview and Level Annotations

Branches:
Dungeon (5/15)             Temple (0/1) D:5

Altars:
Makhleb
Nemelex Xobeh
Okawaru
Uskayaw
Vehumet
Wu Jian


Innate Abilities, Weirdness & Mutations

Your mind is acute. (Int +2)
Your magical capacity is low. (-10% MP)


Message History

The orc wizard is almost dead.
You catch the helpless hound skeleton completely off-guard!
You slash the hound skeleton!
The centaur shoots an arrow.
The arrow hits the hound skeleton!
The hound skeleton is destroyed!
The orc wizard closely misses you. The orc misses you.
You slash the orc wizard!
You kill the orc wizard!
Makhleb accepts your kill.
You feel sick.
The orc wizard points at you and mumbles some strange words.
The magic dart hits Ijyb.
The sentinel's mark upon you fades away.
The orc barely misses you. The orc hits you but does no damage.
The crimson imp closely misses you.
An orc wizard comes into view. It is wielding a dagger.
Things that are here:
a dagger; a robe You hit the orc.
The orc is almost dead.
You hit the orc.
You strike the helpless crimson imp from behind!
You slash the crimson imp!
You kill the crimson imp!
Makhleb accepts your kill.
You have reached level 8!
Ijyb shouts!
The orc hits you with a trident!
* * * LOW HITPOINT WARNING * * *
You barely miss the orc.
The orc is severely wounded.
You slash the orc!
You kill the orc!
Makhleb accepts your kill.
You feel your strength returning.
Ijyb shouts!
You hear a shout!
You slash the orc!
You kill the orc!
Makhleb accepts your kill.
You barely miss the orc. You slash Ijyb!
The centaur shoots an arrow.
The arrow barely misses the orc wizard.
The arrow hits Ijyb!
Ijyb hits you but does no damage.
You catch the helpless Ijyb completely off-guard!
You slash Ijyb!
You kill Ijyb!
Makhleb accepts your kill.
You strike the helpless orc from behind!
You slash the orc!
You kill the orc!
Makhleb accepts your kill.
An orc comes into view. It is wielding a flail.
You strike the helpless crimson imp from behind!
You slice the crimson imp!!
You kill the crimson imp!
Makhleb accepts your kill.
Your Axes skill increases to level 12!
You closely miss the orc.
The orc shouts!
You hear a shout!
The centaur shoots an arrow.
The arrow hits the orc wizard but does no damage.
You hear a shout!
You catch the helpless orc completely off-guard!
You slice the orc!!
You kill the orc!
Makhleb accepts your kill.
You feel sick.
The orc shouts!
An orc wizard comes into view. It is wielding a dagger.
You are no longer berserk.
You are exhausted.
You feel yourself slow down.
The orc wizard shouts!
The orc wizard closely misses you.
The orc wizard moves out of view.
An orc comes into view. It is wielding a dagger.
Items here: ( ) / [ † a dagger; a scale mail; a wand of polymorph (9); an arrow the goblin corpse of Ijyb You catch the helpless orc wizard completely off-guard!
You slash the orc wizard!
The orc wizard is severely wounded.
You flicker for a moment.
The orc wizard closely misses you.
The orc moves out of view.
Things that are here:
a dagger; a robe You feel sick.
You are no longer poisoned.
The centaur shoots an arrow.
The arrow hits the orc!
The orc dies!
Things that are here:
a trident; a scale mail; an orc corpse You flicker back into view.
The orc shouts!
The orc wizard casts a spell.
The orc wizard blinks!
The centaur shoots an arrow.
The arrow hits you.
* * * LOW HITPOINT WARNING * * *
You see here an arrow.
The centaur shoots an arrow.
The arrow hits you.
* * * LOW HITPOINT WARNING * * *
The centaur shoots an arrow.
The arrow hits you!
You die...

#.##..#.# #. .# #.#...#.# #. ...#
#.#.# #..#....# .##..# #.#.#
#.##.#..## ....##..#..# #.#.#
#......... .....##.#.#.###.#.#
#..#.#...# #.......##...##.#.#
#..#.#.... #..#..#.#
#..##.#.######.....#... #..#.##.#
#.....@..<......#.###..
#..#..#.###)(.#.#########.#......
#.o#....##o)#.#.# #>####...
...#a.oo#)#.#.c.# #.# #.#.
....o#.c§##.##..# #.# #.#.
######.o###.....# #.####.#.
##)........# #........
####..#...#..# ######.##
.......#.#...# #.##


You could see a centaur and an orc wizard.

Vanquished Creatures
  A steam dragon (D:5)
  3 crimson imps (D:5)
  4 hounds
  7 orc wizards
  2 orc priests
  Ijyb (D:5)
  4 worker ants
  2 hound skeletons (D:4)
  3 gnolls (D:3)
  6 adders
  A shadow imp (D:4)
  2 adder skeletons
  An adder zombie (D:5)
  2 dart slugs
  3 worms
  2 leopard geckos
  31 orcs
  9 bats
  4 giant cockroaches
  7 hobgoblins
  10 jackals
  A quokka (D:3)
  2 ball pythons
  4 frilled lizards
  6 goblins
  A jackal skeleton (D:5)
  10 kobolds
  7 rats
136 creatures vanquished.

Vanquished Creatures (others)
  An ogre (D:5)
  A hound skeleton (D:5)
  An orc (D:5)
3 creatures vanquished.

Grand Total: 139 creatures vanquished

Notes
Turn   | Place    | Note
-------+----------+-------------------------------------------
     0 | D:1      | Mgcat the Hill Orc Gladiator began the quest for the Orb.
     0 | D:1      | Reached XP level 1. HP: 18/18 MP: 1/1
   225 | D:1      | Reached XP level 2. HP: 23/25 MP: 2/2
   254 | D:1      | Reached skill level 5 in Axes
   458 | D:1      | Reached XP level 3. HP: 27/30 MP: 3/3
   787 | D:2      | You fall through a shaft for 2 floors!
   826 | D:4      | Reached skill level 6 in Axes
   829 | D:4      | HP: 5/30 [orc wizard/magic dart (9)]
   830 | D:4      | HP: 1/30 [something/magic dart (3)]
   834 | D:4      | Reached XP level 4. HP: 27/37 MP: 4/4
   839 | D:4      | Reached skill level 7 in Axes
   873 | D:4      | Reached XP level 5. HP: 15/42 MP: 5/5
  1056 | D:4      | Reached skill level 8 in Axes
  1307 | D:4      | HP: 8/42 [orc priest/short sword (4)]
  1309 | D:4      | Gained mutation: You tend to lose your temper in combat. [potion of mutation]
  1309 | D:4      | Lost mutation: You tend to lose your temper in combat. [potion of mutation]
  1309 | D:4      | Gained mutation: Your magical capacity is low. (-10% MP) [potion of mutation]
  1309 | D:4      | Gained mutation: Your mind is acute. (Int +2) [potion of mutation]
  1313 | D:4      | HP: 12/63 [orc/club (1)]
  1314 | D:4      | Reached XP level 6. HP: 15/50 MP: 5/5
  1707 | D:4      | Reached skill level 9 in Axes
  2543 | D:2      | Found a burning altar of Makhleb.
  2605 | D:2      | Became a worshipper of Makhleb the Destroyer
  2804 | D:2      | Found a sparkling altar of Nemelex Xobeh.
  2804 | D:2      | Found a radiant altar of Vehumet.
  2810 | D:2      | Found an iron altar of Okawaru.
  2813 | D:2      | Found a hide-covered altar of Uskayaw.
  2818 | D:2      | Found an ornate altar of the Wu Jian Council.
  2919 | D:3      | Reached skill level 10 in Axes
  2921 | D:3      | Reached XP level 7. HP: 56/56 MP: 6/6
  3191 | D:3      | Reached * piety under Makhleb
  3199 | D:3      | HP: 14/56 [gnoll/spear of venom (2)]
  3200 | D:3      | HP: 3/56 [gnoll/spear (5)]
  3665 | D:5      | Entered Level 5 of the Dungeon
  3690 | D:5      | Found a sand-covered staircase.
  3735 | D:5      | Found a staircase to the Ecumenical Temple.
  3799 | D:5      | Noticed Ijyb
  3823 | D:5      | HP: 13/56 [hound (4)]
  3824 | D:5      | Reached skill level 11 in Axes
  3829 | D:5      | HP: 16/84 [hound (1)]
  3833 | D:5      | Noticed a steam dragon
  3833 | D:5      | a hound changed into a steam dragon
  3834 | D:5      | HP: 20/84 [orc wizard/dagger (2)]
  3836 | D:5      | Killed a steam dragon
  3840 | D:5      | Reached XP level 8. HP: 22/62 MP: 7/7
  3840 | D:5      | HP: 15/93 [orc/trident (7)]
  3843 | D:5      | Killed Ijyb
  3844 | D:5      | Reached skill level 12 in Axes
  3845 | D:5      | HP: 15/93 [poisoned by a worker ant]
  3850 | D:5      | HP: 5/62 [centaur/arrow (5)]
  3855 | D:5      | HP: 3/62 [centaur/arrow (4)]
  3855 | D:5      | Shot with an arrow by a centaur

Vault maps used:
D:1:      saegor_arrival_simple_e, minmay_heptomino_l4
D:2:      makhleb_blood_cavern_becter, chequers_temple_overflow_minitemple
D:3:      st_stairs_8
D:4:      first_ration
D:5:      minmay_temple_entry_crystal_x, enter_ossuary_5, serial_shops,
          nicolae_shop_window_shopping, uniq_ijyb

Skill      XL: |  1  2  3  4  5  6  7  8 |
---------------+-------------------------+-----
Axes           | 5 6 7 8 10 11 12 | 12.0
Fighting       | |  2.4
Throwing       | |  1.7
Dodging        | |  2.4

Action                   |  1- 3 |  4- 6 |  7- 9 || total
-------------------------+-------+-------+-------++-------
Melee: War axe           |    83 |   163 |   128 ||   374
  Use: Potion            |     2 |     3 |     3 ||     8
       Scroll            |       |       |    10 ||    10
 Stab: Invisible         |       |       |     8 ||     8
  Eat: Chunk             |       |     7 |     3 ||    10
Armor: Ring mail         |    43 |    58 |    53 ||   154
       Skin              |       |     8 |       ||     8
Dodge: Dodged            |    67 |    80 |   112 ||   259

Table legend:
 A = Spawn XP
 B = Non-spawn XP
 C = Spawn XP percentage of total XP
 D = Spawn monster count
 E = Non-spawn monster count
 F = Spawn count percentage of total count
 G = Total turns spent on level
                    A         B        C        D         E        F      G
               +---------+---------+-------+---------+---------+-------+---------
         Total |       0 |    1307 |   0.0 |       0 |     137 |   0.0 |  3855
               +---------+---------+-------+---------+---------+-------+---------
           D:1 |       0 |      36 |   0.0 |       0 |      23 |   0.0 |   778
           D:2 |       0 |     113 |   0.0 |       0 |      25 |   0.0 |   972
           D:3 |       0 |     181 |   0.0 |       0 |      37 |   0.0 |   584
           D:4 |       0 |     432 |   0.0 |       0 |      28 |   0.0 |  1331
           D:5 |       0 |     545 |   0.0 |       0 |      24 |   0.0 |   190
               +---------+---------+-------+---------+---------+-------+---------

Vault maps used:
D:1:      saegor_arrival_simple_e, minmay_heptomino_l4
D:2:      makhleb_blood_cavern_becter, chequers_temple_overflow_minitemple
D:3:      st_stairs_8
D:4:      first_ration
D:5:      minmay_temple_entry_crystal_x, enter_ossuary_5, serial_shops,
          nicolae_shop_window_shopping, uniq_ijyb

Table legend:
 A = Turns spent in this place as a percentage of turns spent in the entire game.
 B = Non-inter-level travel turns spent in this place as a percentage of non-inter-level travel turns spent in the entire game.
 C = Inter-level travel turns spent in this place as a percentage of turns spent in this place.
 D = Turns resting spent in this place as a percentage of non-inter-level travel turns spent in this place.
 E = Turns spent auto-exploring this place as a percentage of non-inter-level travel turns spent in this place.
 F = Non-inter-level travel turns spent in this place divided by the number of levels of this place that you've seen.
                   A       B       C       D       E      F
               +-------+-------+-------+-------+-------+----------------------
         Total | 100.0 | 100.0 |   6.9 |   2.0 |  76.8 | 718.0
       Dungeon | 100.0 | 100.0 |   6.9 |   2.0 |  76.8 | 718.0
               +-------+-------+-------+-------+-------+----------------------

Table legend:
 A = Kills in this place as a percentage of kills in entire the game.
 B = Kills by you in this place as a percentage of kills by you in the entire game.
 C = Kills by friends in this place as a percentage of kills by friends in the entire game.
 D = Other kills in this place as a percentage of other kills in the entire game.
 E = Experience gained in this place as a percentage of experience gained in the entire game.
 F = Experience gained in this place divided by the number of levels of this place that you have seen.
                   A       B       C       D       E      F
               +-------+-------+-------+-------+-------+----------------------
         Total | 100.0 | 100.0 |   N/A | 100.0 | 100.0 | 261.4
       Dungeon | 100.0 | 100.0 |   N/A | 100.0 | 100.0 | 261.4
               +-------+-------+-------+-------+-------+----------------------
